 Dungeon Crawl Stone Soup version bcrawl-1.21.2-1-g32d02e0829 (webtiles) character file.

Game seed: 14215737877441507579

90 MisterOstroum the Charmwright (level 4, -9/38 HPs)
             Began as a Djinni Skald on Feb 18, 2020.
             Was an Initiate of Gozag.
             Mangled by Sigmund
             ... wielding a +0 scythe
              (10 damage)
             ... on level 2 of the Dungeon.
             The game lasted 00:04:59 (2546 turns).

MisterOstroum the Charmwright (Djinni Skald)        Turns: 2546, Time: 00:05:00

Health: -9/38      AC:  1    Str: 15    XL:     4   Next: 32%
Magic:  2/8        EV: 12    Int: 15    God:    Gozag
Gold:   146        SH:  0    Dex: 10    Spells: 3/9 levels left

rFire    . . .     SeeInvis .   a - +0 falchion
rCold    . . .     Gourm    .   (no shield)
rNeg     . . .     Faith    .   l - -1 robe (curse)
rPois    .         Spirit   .   (no helmet)
rElec    .         Reflect  .   (no cloak)
rCorr    .         Harm     .   (no gloves)
MR       .....     Rnd*Rage +   (boots unavailable)
Stlth    +.........             (no amulet)
HPRegen  0.12/turn              (no ring)
MPRegen  0.11/turn              (no ring)

@: flying, very slightly contaminated
A: never pass out, berserk 2, blink, blurry vision 2, wild magic 2, MP-powered
wands, floating
a: Blink, Potion Petition, Call Merchant, Bribe Branch, Renounce Religion


You were on level 2 of the Dungeon.
You worshipped Gozag.
Gozag was aware of your devotion.
You were hungry.

You visited 1 branch of the dungeon, and saw 2 of its levels.

You collected 198 gold pieces.
You paid 52 gold pieces to Gozag.

Inventory:

Hand Weapons
 a - a +0 falchion (weapon)
Missiles
 i - 567 stones (quivered)
Armour
 b - a +1 leather armour
 g - a cursed -1 shield
 l - a cursed -1 robe (worn)
Scrolls
 d - a scroll of fear {!r}
 h - a scroll of magic mapping {@r5 !r}
Potions
 c - a potion of curing {unknown}
 f - 2 potions of brilliance
 j - a potion of heal wounds {unknown}
 k - a potion of flight {unknown}
 m - a potion of mutation {unknown}
Comestibles
 e - 3 rations {!d}


   Skills:
 * Level 3.0 Fighting
 * Level 3.5 Long Blades
 - Level 0.8 Armour
 - Level 2.0 Dodging
 + Level 3.0 Spellcasting
 + Level 0.8 Hexes
 + Level 3.8 Charms


You had 3 spell levels left.
You knew the following spells:

 Your Spells              Type           Power        Failure   Level  Hunger
a - Infusion              Chrm           ###.....     11%         1    #......
b - Song of Slaying       Chrm           ###.....     14%         2    ##.....
c - Spectral Weapon       Hex/Chrm       ##......     38%         3    ###....

Your spell library contained the following spells:

 Spells                   Type           Power        Failure   Level  Hunger
 Ozocubu's Armour         Chrm/Ice       ##......     43%         3    ###....
 Regeneration             Chrm/Necr      ##........   43%         3    ###....


Dungeon Overview and Level Annotations

Branches:
Dungeon (2/12)

Altars:
Gozag

Annotations:
D:2 Sigmund


Innate Abilities, Weirdness & Mutations

You never pass out after going berserk.
You often lose your temper in combat.
You can translocate small distances at will.
Scrolls take you longer to read.
Your spells are harder to cast, but more powerful.
You expend magic power (3 MP) to strengthen your wands.
Your body floats in the air.


Message History

You closely miss the giant cockroach. The giant cockroach closely misses you.
You hit the giant cockroach.
The giant cockroach is almost dead.
The giant cockroach misses you.
You slash the giant cockroach!
You kill the giant cockroach!
No target in view!
No target in view!
No target in view!
No target in view!
No target in view!
Found a hunting sling.
You now have 132 gold pieces (gained 5).
A leopard gecko comes into view.
Found a hand axe.
A leopard gecko is nearby!
You hit the leopard gecko.
You kill the leopard gecko!
No target in view!
No target in view!
No target in view!
No target in view!
No target in view!
No target in view!
No target in view!
Unknown command.
You now have 138 gold pieces (gained 6).
You see here a hand axe.
A goblin comes into view. It is wielding a +0 dagger.
A goblin is nearby!
A goblin is nearby!
The goblin shouts!
The goblin unwields a +0 dagger.
The goblin wields a +0 hunting sling.
The goblin shoots a stone.
The stone hits you!
Found a fuming purple potion and a scale mail.
The goblin shoots a stone.
The stone misses you.
The goblin unwields a +0 hunting sling.
The goblin wields a +0 dagger.
The goblin hits you with a +0 dagger.
You barely miss the goblin. The goblin misses you.
You hit the goblin.
You kill the goblin!
No target in view!
No target in view!
No target in view!
All of the chunks of flesh in your inventory have rotted away.
You now have 146 gold pieces (gained 8).
i - 567 stones (gained 133)
Things that are here:
a +0 dagger; a +0 hunting sling
c - a fuming purple potion You see here a scale mail.
Sigmund shouts!
Sigmund is too close now for your liking.
Sigmund is nearby!
This spell is slightly dangerous to cast.
Memorise Regeneration, consuming 3 spell levels and leaving 0?
Okay, then.
Unknown command.
Unknown command.
Unknown command.
Casting: Song of Slaying (safe; 14% risk of failure)
Confirm with . or Enter, or press ? or * to list all spells.
You draw out your weapon's spirit!
You are feeling hungry.
Casting: Spectral Weapon (slightly dangerous; 38% risk of failure)
Confirm with . or Enter, or press ? or * to list all spells.
You miscast Song of Slaying.
You are very lightly contaminated with residual magic.
Casting: Song of Slaying (safe; 14% risk of failure)
Confirm with . or Enter, or press ? or * to list all spells.
You miscast Song of Slaying.
Multicoloured lights dance before your eyes!
You swap places.
Sigmund says, "You will soon forget everything."
Sigmund misses you.
You closely miss Sigmund.
Your spectral weapon hits Sigmund.
Sigmund casts a spell at you. The puff of flame hits you!
You hit Sigmund.
Sigmund is lightly wounded.
Your spectral weapon hits Sigmund!
Sigmund mumbles some strange words.
Sigmund flickers and vanishes!
Deactivating autopickup; reactivate with Ctrl-A.
You miss something. Something hits you.
You hit something but do no damage. Something hits you!
You hit something. You barely miss something.
You hear some strange, mumbled words.
Something tries to affect you, but you resist.
You hit something but do no damage. Something hits you.
* * * LOW HITPOINT WARNING * * *
You miss something.
You hear some strange, mumbled words.
A puff of flame appears from out of thin air!
The puff of flame hits you!
* * * LOW HITPOINT WARNING * * *
You miss something. Something hits you!
You die...
Your body crumbles into a pile of gold.

######### #####
........#########
#...#########.).##....#
#...)........##..#....#
#........###..##......#
#####
########..###.........#
#...# ##..#######....#
#...#
##.[.####.....####...#
###...(@.).....##...#
#####{.#####......#
###..## ####.....#
#...#####....#...#
..>.# ##...####...#
######..# #..### #...#
....##.# #.## #####
#....####.##
###.........#


You could see a friendly spectral +0 falchion.

Vanquished Creatures
  Jessica (D:2)
  An adder (D:2)
  An ooze (D:1)
  A worm (D:2)
  A dart slug (D:1)
  2 leopard geckos
  A giant cockroach (D:2)
  3 goblins
  11 hobgoblins (D:1)
  3 jackals (D:2)
  A quokka (D:2)
  A ball python (D:2)
  2 bats
  2 frilled lizards
  4 kobolds
  6 rats
41 creatures vanquished.

Notes
Turn   | Place    | Note
-------+----------+-------------------------------------------
     0 | D:1      | MisterOstroum the Djinni Skald began the quest for the Orb.
     0 | D:1      | Reached XP level 1. HP: 17/17 MP: 4/4
   497 | D:1      | Reached XP level 2. HP: 25/25 MP: 6/6
   854 | D:1      | Learned a level 2 spell: Song of Slaying
  1174 | D:1      | HP: 1/25 [hobgoblin/+0 club (1)]
  1752 | D:1      | Reached XP level 3. HP: 30/30 MP: 1/7
  1757 | D:1      | Learned a level 3 spell: Spectral Weapon
  2062 | D:2      | Noticed Jessica
  2074 | D:2      | Killed Jessica
  2074 | D:2      | Gained mutation: Your spells are harder to cast, but more
                  | powerful. [Djinni growth]
  2074 | D:2      | Gained mutation: You can translocate small distances at
                  | will. [Djinni growth]
  2074 | D:2      | Reached XP level 4. HP: 17/38 MP: 0/8
  2294 | D:2      | Found an opulent altar of Gozag.
  2312 | D:2      | Became a worshipper of Gozag Ym Sagoz the Greedy
  2360 | D:2      | Noticed Sigmund
  2545 | D:2      | HP: 1/38 [something/puff of flame (9)]
  2546 | D:2      | Mangled by Sigmund

Skill      XL: |  1  2  3 |
---------------+----------+-----
Long Blades    | 3 |  3.5
Fighting       | 3 |  3.0
Armour         | |  0.8
Dodging        | |  2.0
Spellcasting   | |  3.0
Hexes          | |  0.8
Charms         | |  3.8

Action                   |  1- 3 |  4- 6 || total
-------------------------+-------+-------++-------
Melee: Falchion          |   106 |    30 ||   136
 Cast: Infusion          |     9 |       ||     9
       Song of Slaying   |     3 |       ||     3
       Spectral Weapon   |       |     1 ||     1
  Use: Scroll            |     4 |     1 ||     5
  Eat: Chunk             |     4 |     1 ||     5
Armor: Leather armour    |    17 |       ||    17
       Robe              |     2 |     2 ||     4
Dodge: Dodged            |    79 |    16 ||    95
